Map: Ley Lines

Players

Zoun - Winner!

  • Race: Protoss Protoss
  • League: Master
  • Spawn Location: 1:00

Highdra

  • Race: Protoss Protoss
  • League: Master
  • Spawn Location: 7:00

Event: HomeStory Cup XXVII

VOD

Have the link to the VOD?

Description

Time

  • Played on: June 28, 2025, 6:15 a.m.
  • Length: 4:04

All games in this series

Show
View Real Time Build Order
Export as new Build Order

Zoun Protoss - Winner!

Build Orders:  

Get SALT Encoding   

  12  0:00  Probe  
  13  0:12  Probe  
  14  0:17  Pylon  
  14  0:23  Probe  
  15  0:32  Probe  
  15  0:36  Gateway  
  15  0:40  Probe  
  16  0:45  Assimilator  
  17  0:51  Probe  
  17  0:54  Assimilator  
  18  0:59  Probe  
  19  1:07  Gateway, Probe  
  19  1:17  Probe  
  20  1:24  Cybernetics Core  
  21  1:29  Probe  
  22  1:35  Pylon  
  22  1:41  Probe  
  23  1:53  Warp Gate, Probe  
  24  1:58  Stalker x2  
  28  2:06  Probe  
  29  2:13  Pylon  
  29  2:25  Stalker  
  29  2:28  Stalker  
  31  2:36  Pylon  
  33  2:52  Stalker  
  33  2:54  Gateway  
  33  2:57  Stalker  
  37  3:27  Pylon  
  35  3:42  Stalker x2  
  37  3:48  Stalker  
Show
View Real Time Build Order
Export as new Build Order

Highdra Protoss 

Build Orders:  

Get SALT Encoding   

  12  0:00  Probe  
  13  0:12  Probe  
  14  0:17  Pylon  
  14  0:23  Probe  
  15  0:31  Probe  
  16  0:36  Gateway  
  16  0:39  Probe  
  16  0:46  Assimilator  
  17  0:51  Probe  
  17  0:54  Assimilator  
  18  0:59  Probe  
  19  1:07  Gateway, Probe  
  20  1:17  Probe  
  20  1:23  Pylon  
  21  1:29  Probe  
  22  1:41  Probe  
  23  1:53  Probe  
  24  1:56  Cybernetics Core  
  24  2:12  Nexus  
  25  2:24  Pylon  
  25  2:29  Stalker  
  24  2:32  Sentry  
  28  2:42  Probe  
  28  2:48  Shield Battery  
  28  2:54  Robotics Facility  
  28  2:57  Sentry  
  30  3:02  Stalker  
  32  3:09  Probe  
  33  3:18  Probe  
  33  3:20  Probe  
  33  3:26  Probe  
  35  3:28  Probe  
  37  3:41  Probe  
  37  3:46  Probe  
  41  3:54  Shield Battery  
Tags
 
Matchup
PvP
Replay Pack
hsc27
Spawn Locations
Cross Positions
Add a new tag
Caveats
  • Supply blocks, unpowered buildings, or Contaminate may cause inaccurate times.
  • Supply counts are checked every 10 seconds.